Map: [ESL] Oceanborn

Players

Reynor

  • Race: Terran Terran
  • League: Master
  • Spawn Location: 5:00

msrm - Winner!

  • Race: Zerg Zerg
  • Spawn Location: 11:00

Event: Bellum Gens Elite Stara Zagora 2024

VOD

Have the link to the VOD?

Description

Time

  • Played on: Sept. 5, 2024, 7:17 a.m.
  • Length: 12:37

All games in this series

Show
View Real Time Build Order
Export as new Build Order

Reynor Terran 

Build Orders:  

Get SALT Encoding   

  12  0:00  SCV  
  13  0:12  SCV  
  14  0:17  Supply Depot  
  14  0:24  SCV  
  15  0:38  SCV  
  15  0:40  Barracks  
  16  0:43  Refinery  
  16  0:50  SCV  
  17  0:59  Barracks  
  17  1:03  SCV  
  18  1:15  SCV  
  19  1:23  Barracks  
  19  1:27  Reaper  
  19  1:30  Refinery  
  20  1:43  Orbital Command  
  20  1:46  Reaper  
  21  1:55  Supply Depot  
  21  2:00  Reaper  
  23  2:08  SCV  
  23  2:17  Reaper  
  23  2:20  SCV  
  23  2:22  Bunker  
  25  2:24  Reaper  
  26  2:31  Supply Depot  
  26  2:32  SCV  
  26  2:35  Reaper  
  28  2:44  SCV  
  28  2:49  Reaper  
  30  2:56  SCV, Bunker  
  30  2:57  Reaper  
  32  3:07  Reaper  
  32  3:09  SCV  
  34  3:13  Bunker  
  34  3:21  SCV, Reaper  
  36  3:29  Reaper  
  36  3:33  SCV  
  38  3:34  Supply Depot  
  38  3:40  Reaper  
  36  3:45  SCV  
  37  3:50  Bunker  
  37  3:56  Reaper  
  37  3:57  SCV  
  32  4:03  Reaper  
  32  4:09  SCV  
  30  4:12  Reaper  
  28  4:21  SCV  
  24  4:28  Reaper  
  15  4:42  SCV  
  11  4:56  SCV  
  9  5:08  SCV  
  9  5:12  Marine  
  11  5:17  Marine  
  11  5:23  Marine  
  12  5:36  Orbital Command  
  8  6:20  Marine  
  4  6:59  Orbital Command  
  3  7:39  Marine  
  4  7:48  Marine  
  5  8:21  Orbital Command  
  5  8:38  Orbital Command  
  5  9:05  SCV  
  4  9:17  SCV  
  5  9:32  SCV  
  6  9:43  Marine  
  6  10:15  Orbital Command  
  3  11:30  Bunker  
  3  11:45  Orbital Command  
Show
View Real Time Build Order
Export as new Build Order

msrm Zerg - Winner!

Build Orders: Hatch First 

Get SALT Encoding   

  12  0:00  Drone  
  13  0:09  Drone  
  14  0:14  Extractor  
  14  0:16  Drone  
  15  0:39  Hatchery  
  14  0:45  Drone, Extractor  
  15  0:50  Overlord  
  15  1:04  Spawning Pool  
  15  1:08  Drone  
  15  1:12  Drone  
  15  1:15  Drone  
  17  1:28  Drone  
  17  1:29  Extractor  
  17  1:31  Drone  
  18  1:43  Drone  
  19  1:52  Roach Warren, Queen  
  20  1:56  Queen  
  22  2:04  Extractor  
  22  2:05  Drone  
  22  2:06  Drone  
  23  2:16  Overlord  
  23  2:32  Roach x2  
  23  2:36  Roach  
  29  2:41  Queen  
  31  2:44  Drone  
  32  2:52  Overlord  
  32  3:03  Roach  
  34  3:06  Ravager x2  
  34  3:11  Roach  
  40  3:13  Roach  
  40  3:20  Ravager  
  41  3:30  Roach  
  41  3:32  Overlord  
  43  3:50  Roach  
  43  3:51  Roach x3  
  44  4:03  Roach x2  
  38  4:22  Ravager  
  29  4:59  Roach  
  29  5:01  Drone  
  24  5:31  Drone  
  19  6:07  Ravager x2  
  19  6:09  Drone x3  
  24  6:12  Drone  
  21  6:42  Drone x2  
  17  7:19  Drone  
  17  8:11  Roach  
  19  8:28  Drone x2  
  21  8:45  Drone x2  
  21  9:16  Drone x2  
  23  9:41  Drone x3  
  20  10:08  Spore Crawler  
  20  10:15  Queen  
  20  10:19  Roach  
  22  10:48  Roach  
  20  11:47  Ravager  
Tags
 
Add a new tag
Caveats
  • Supply blocks, unpowered buildings, or Contaminate may cause inaccurate times.
  • Supply counts are checked every 10 seconds.